 Dungeon Crawl Stone Soup version 0.26.1-11-gd32895ea62 (webtiles) character file.

Game seed: 1444846274617285549

1792 phalm the Conjurer (level 8, 0/60 HPs)
             Began as a Mummy Conjurer on June 20, 2021.
             Was an Initiate of Gozag.
             Slain by a red ugly thing (19 damage)
             ... on level 6 of the Dungeon.
             The game lasted 00:10:33 (7953 turns).

phalm the Conjurer (Mummy Conjurer)                 Turns: 7953, Time: 00:10:34

Health: 0/60       AC:  5    Str: 11    XL:     8   Next: 82%
Magic:  8/16       EV: 12    Int: 19    God:    Gozag
Gold:   221        SH:  0    Dex: 10    Spells: 9/18 levels left

rFire    x . .     SeeInvis +   x - +0 short sword (venom)
rCold    + . .     Faith    .   (no shield)
rNeg     + + +     Spirit   .   n - +2 robe {rN+}
rPois    ∞         Reflect  .   (no helmet)
rElec    .         Harm     .   j - scarf {repulsion}
rCorr    .         Rampage  .   t - +0 pair of gloves
Will     +....                  (no boots)
Stlth    ++........             (no amulet)
HPRegen  0.20/turn              L - ring of flight
MPRegen  0.15/turn              v - ring of see invisible

@: gold aura, repel missiles
A: no potions, fire vulnerability, cold resistance 1, negative energy resistance
3, torment resistance, unbreathing
a: Renounce Religion, Evoke Flight, Potion Petition, Call Merchant, Bribe Branch


You were on level 6 of the Dungeon.
You worshipped Gozag.
Gozag was aware of your devotion.
You visited 2 branches of the dungeon, and saw 7 of its levels.

You collected 327 gold pieces.
You spent 22 gold pieces at shops.
You paid 84 gold pieces to Gozag.


Innate Abilities, Weirdness & Mutations

You do not drink.
Your flesh is vulnerable to fire.
You are immune to poison.
Your flesh is cold resistant. (rC+)
You are immune to negative energy. (rN+++)
You are immune to unholy pain and torment.
You can survive without breathing.


   Skills:
 + Level 4.0 Fighting
 - Level 1.5 Dodging
 - Level 1.5 Stealth
 + Level 5.8 Spellcasting
 * Level 6.2 Conjurations
 * Level 4.0 Summonings
 * Level 4.0 Translocations


You had 9 spell levels left.
You knew the following spells:

 Your Spells              Type           Power        Failure   Level
c - Call Imp              Summ           21%          3%          2
m - Magic Dart            Conj           100%         1%          1
s - Searing Ray           Conj           58%          1%          2
X - Iskenderun's Mystic   Conj/Tloc      25%          14%         4

Your spell library contained the following spells:

 Spells                   Type           Power        Failure   Level
 Summon Small Mammal      Summ           84%          2%          1
 Call Canine Familiar     Summ           21%          6%          3
 Dazzling Flash           Conj/Hex       34%          10%         3
 Summon Guardian Golem    Hex/Summ       13%          14%         3
 Fulminant Prism          Conj/Hex       8%           32%         4
 Summon Ice Beast         Ice/Summ       13%          43%         4
 Summon Lightning Spire   Summ/Air       13%          43%         4

Inventory:

Hand Weapons
 b - a +0 dagger
   (You found it on level 1 of the Dungeon)
 e - a +0 short sword
   (You took it off a kobold on level 1 of the Dungeon)
 m - a +0 spear
   (You found it on level 2 of the Dungeon)
 u - a +0 halberd
   (You took it off a gnoll on level 4 of the Dungeon)
 x - a +0 short sword of venom (weapon)
   (You took it off an orc on level 5 of the Dungeon)
 z - a +3 rapier
   (You found it on level 5 of the Dungeon)
Missiles
 a - 39 poisoned darts (quivered)
 c - 104 arrows
 d - 197 stones
 h - 76 sling bullets
 i - 39 bolts
 s - 2 throwing nets {=f!f}
Armour
 j - a scarf of repulsion (worn)
   (You found it on level 2 of the Dungeon)
 n - a +2 robe of positive energy (worn)
   (You took it off Jessica on level 3 of the Dungeon)
 t - a +0 pair of gloves (worn)
   (You found it on level 4 of the Dungeon)
Jewellery
 v - a ring of see invisible (right hand)
   (You found it on level 2 of the Dungeon)
 L - a ring of flight (left hand)
   (You found it on level 1 of the Dungeon)
Wands
 f - a wand of polymorph (7)
   (You found it on level 6 of the Dungeon)
 y - a wand of random effects (7)
   (You found it on level 5 of the Dungeon)
Scrolls
 g - a scroll of remove curse {@r2}
 l - 2 scrolls of teleportation {unknown}
 o - a scroll of immolation {!r!r}
 p - 2 scrolls of enchant armour
 r - a scroll of fear
 w - a scroll of enchant weapon {unknown}
 A - a scroll of magic mapping {unknown}
 B - a scroll of torment {unknown}

Dungeon Overview and Level Annotations

Branches:
Dungeon (6/15)             Temple (1/1) D:6

Altars:
Dithmenos
Gozag
Makhleb
Okawaru
Uskayaw
Yredelemnul
Zin

Shops:
D:6

* ##.########.# #..#.)#..#..#
##.#......#.# #.....#.....#
##>#.###..#.## #.....#.....#
####.###.##..####################
.....#...........................
############.....................
######################
#...5..#.....#.....#
#5u@...#.....#.....#
#'###..#..#..#..#..# #?
$#..#..#..#..#..# #$
#.....#.....#... #?
#.....#.....#... ##
################


You could see a red ugly thing, a friendly crimson imp (summoned) and a friendly
white imp (summoned).


Message History

You see here 11 gold pieces.
Casting: Searing Ray (safe; 1% risk of failure)
Confirm with . or Enter, or press ? or * to list all spells.
Aiming: Magic Dart (safe; 1% risk of failure)
Press: ? - help, Shift-Dir - straight line, f - jelly
Aim: a jelly (asleep, 0% to evade)
The magic dart hits the jelly.
The jelly quivers. 😎 MP[-1]
You lost 1 mp, and now have 15/16 mp.
Casting: Magic Dart (safe; 1% risk of failure)
Confirm with . or Enter, or press ? or * to list all spells.
Aiming: Magic Dart (safe; 1% risk of failure)
Press: ? - help, Shift-Dir - straight line, f/p - jelly
Aim: a jelly (moderately wounded, 0% to evade)
The magic dart hits the jelly. 😎 MP[-1]
You lost 1 mp, and now have 14/16 mp.
Casting: Magic Dart (safe; 1% risk of failure)
Confirm with . or Enter, or press ? or * to list all spells.
You miscast Call Imp.
You are very lightly contaminated with residual magic.
Nothing appears to happen. 😎 MP[-2]
You lost 2 mp, and now have 12/16 mp.
Casting: Call Imp (safe; 3% risk of failure)
Confirm with . or Enter, or press ? or * to list all spells.
A beastly little devil appears in a puff of flame.
Your crimson imp says, "I'm here!" 😎 MP[-2]
You lost 2 mp, and now have 10/16 mp.
You now have 217 gold pieces (gained 11).
Your crimson imp hits the jelly.
The acid corrodes your crimson imp!
Your crimson imp is burned by acid!
Your crimson imp blinks! 😎 MP[+1]
Casting: Call Imp (safe; 3% risk of failure)
Confirm with . or Enter, or press ? or * to list all spells.
Aiming: Searing Ray (safe; 1% risk of failure)
Press: ? - help, Shift-Dir - straight line, f/p - jelly
Aim: a jelly (severely wounded, 0% to evade)
The searing ray hits the jelly!
You kill the jelly! (Press . to maintain the ray.) 😎 MP[-2]
You lost 2 mp, and now have 9/16 mp. 😎 MP[-1]
You lost 1 mp, and now have 8/16 mp.
Your magical contamination has completely faded away.
Your crimson imp blinks!
Your crimson imp is no longer covered in acid.
Your crimson imp disappears in a puff of smoke!
You now have 221 gold pieces (gained 4).
You open the door.
An orc wizard comes into view. It is wielding a +0 dagger. 😎 MP[+8]
Your mp is fully restored (16).
An orc wizard is nearby!
Casting: Searing Ray (safe; 1% risk of failure)
Confirm with . or Enter, or press ? or * to list all spells.
A beastly little devil appears in a puff of frigid air. 😎 MP[-2]
You lost 2 mp, and now have 14/16 mp.
Casting: Call Imp (safe; 3% risk of failure)
Confirm with . or Enter, or press ? or * to list all spells.
Aiming: Searing Ray (safe; 1% risk of failure)
Press: ? - help, Shift-Dir - straight line The searing ray hits the orc wizard! (Press . to maintain the ray.) 😎 MP[-2]
You lost 2 mp, and now have 12/16 mp.
The searing ray hits the orc wizard.
A red ugly thing comes into view. 😎 MP[-1]
You lost 1 mp, and now have 11/16 mp.
The searing ray hits the red ugly thing.
The searing ray hits the orc wizard!
You kill the orc wizard! 😎 MP[-1]
You lost 1 mp, and now have 10/16 mp.
The searing ray hits the red ugly thing!
You finish channeling your searing ray.
The red ugly thing trunk-slaps you!
You are engulfed in flames!!
The fire burns you terribly!
* * * LOW HITPOINT WARNING * * *
😨 HP[-35] MP[-1]
You take 35 damage, and now have 25/60 hp.
MASSIVE DAMAGE!! (PAUSE)
You lost 1 mp, and now have 9/16 mp.
Your white imp gestures at the red ugly thing.
The puff of frost hits the red ugly thing. 😨 MP[+1]
Casting: Searing Ray (safe; 1% risk of failure)
Confirm with . or Enter, or press ? or * to list all spells.
A beastly little devil appears in a puff of flame.
The red ugly thing trunk-slaps you.
* * * LOW HITPOINT WARNING * * *
You are engulfed in flames!!
The fire burns you terribly!
You die...
Your body crumbles into a pile of gold.

Skill      XL: |  1  2  3  4  5  6  7  8 |
---------------+-------------------------+-----
Spellcasting   | 3 4 5 |  5.8
Fighting       | 1 2 3 4 |  4.0
Conjurations   | 4 5 6 |  6.2
Summonings     | 1 2 3 4 |  4.0
Translocations | 1 2 3 4 |  4.0
Dodging        | |  1.5
Stealth        | |  1.5

Action                   |  1- 3 |  4- 6 |  7- 9 || total
-------------------------+-------+-------+-------++-------
Melee: Short sword       |     5 |       |       ||     5
       Spear             |       |    14 |       ||    14
       Halberd           |       |     3 |     1 ||     4
       Rapier            |       |       |     2 ||     2
Throw: Dart              |       |     2 |       ||     2
 Cast: Magic Dart        |    81 |    83 |    54 ||   218
       Searing Ray       |     1 |    15 |    26 ||    42
       Call Imp          |       |       |     3 ||     3
  Use: Scroll            |       |       |     6 ||     6
Armor: Robe              |     3 |    12 |     4 ||    19
Dodge: Dodged            |     6 |    23 |    22 ||    51

Levels and vault maps discovered:
D:1:      minmay_arrival_four_circles, layout_basic, minmay_crystal_water
D:2:      layout_basic, hangedman_decor_slide_cut, grunt_decor_resistance
D:3:      layout_rooms, nicolae_dithmenos_shadow_blocks, uniq_jessica
D:4:      minmay_evil_eye, layout_basic, serial_forest,
          infiniplex_forest_clump_curved, infiniplex_forest_lined_2,
          kennysheep_generic_room_2
D:5:      layout_gridville, basic_altar, hex_tiny
D:6:      kennysheep_windowed_halls, layout_basic, minmay_temple_entry_arrows,
          serial_shops, nicolae_shop_trees, amcnicky_mini_pool_medium
Temple:   minmay_crystal_snake_temple

Notes
Turn   | Place    | Note
-------+----------+-------------------------------------------
     0 | D:1      | phalm the Mummy Conjurer began the quest for the Orb.
     0 | D:1      | Reached XP level 1. HP: 13/13 MP: 4/4
     0 | D:1      | magus.rc [v1.9.10]
   380 | D:1      | Reached XP level 2. HP: 20/20 MP: 1/5
   383 | D:1      | Learned a level 2 spell: Searing Ray
   517 | D:1      | Reached skill level 3 in Spellcasting
   943 | D:1      | Reached skill level 1 in Fighting
  1396 | D:2      | Reached XP level 3. HP: 26/26 MP: 1/7
  2318 | D:3      | Noticed Jessica
  2322 | D:3      | Killed Jessica
  2323 | D:3      | Reached skill level 4 in Conjurations
  2323 | D:3      | Reached XP level 4. HP: 33/33 MP: 4/9
  2464 | D:3      | Found a shadowy altar of Dithmenos.
  2547 | D:3      | Reached skill level 2 in Fighting
  2830 | D:3      | You pick up a book of Callings and begin reading...
  2830 | D:3      | You add the spells Summon Small Mammal, Call Imp, Call
                  | Canine Familiar, Summon Guardian Golem, Summon Lightning
                  | Spire and Summon Ice Beast to your library.
  2836 | D:3      | Learned a level 4 spell: Iskenderun's Mystic Blast
  2839 | D:3      | Learned a level 2 spell: Call Imp
  2982 | D:3      | Reached XP level 5. HP: 38/38 MP: 3/10
  3316 | D:4      | Reached skill level 4 in Spellcasting
  3807 | D:4      | Noticed an ogre
  3814 | D:4      | HP: 7/38 [ogre/+0 giant club (18)]
  3815 | D:4      | Killed an ogre
  3816 | D:4      | Reached skill level 1 in Summonings
  3816 | D:4      | Reached skill level 1 in Translocations
  3816 | D:4      | Reached XP level 6. HP: 8/45 MP: 2/12
  5064 | D:5      | Entered Level 5 of the Dungeon
  5203 | D:5      | Reached skill level 2 in Summonings
  5203 | D:5      | Reached skill level 2 in Translocations
  5203 | D:5      | Reached XP level 7. HP: 34/51 MP: 0/13
  5204 | D:5      | Reached skill level 5 in Conjurations
  5784 | D:5      | Reached skill level 3 in Fighting
  6196 | D:5      | Reached skill level 5 in Spellcasting
  6266 | D:5      | Reached skill level 3 in Summonings
  6266 | D:5      | Reached skill level 3 in Translocations
  6266 | D:5      | Reached XP level 8. HP: 58/58 MP: 7/15
  6391 | D:5      | Found an iron altar of Okawaru.
  6898 | D:6      | Found Veiz's General Store.
  6905 | D:6      | Bought a scroll of identify for 22 gold pieces
  6962 | D:6      | Found a staircase to the Ecumenical Temple.
  6978 | Temple   | Entered the Ecumenical Temple
  7037 | Temple   | Became a worshipper of Gozag Ym Sagoz the Greedy
  7645 | D:6      | Reached skill level 6 in Conjurations
  7786 | D:6      | Reached skill level 4 in Fighting
  7786 | D:6      | Reached skill level 4 in Summonings
  7786 | D:6      | Reached skill level 4 in Translocations
  7859 | D:6      | You pick up a book of Conjurations and begin reading...
  7949 | D:6      | Noticed a red ugly thing
  7953 | D:6      | Slain by a red ugly thing

Vanquished Creatures
  An orc warrior (D:6)
  2 ice beasts (D:5)
  4 ogres
  2 centaurs
  4 bullfrogs (D:6)
  2 scorpions
  A bullfrog zombie (D:5)
  3 jellies
  2 hounds
  A gnoll shaman (D:4)
  Jessica (D:3)
  3 orc wizards
  A worker ant (D:6)
  A hound zombie (D:5)
  8 gnolls (D:4)
  11 adders
  3 shadow imps
  A white imp (D:6)
  An ufetubus (D:4)
  2 oozes
  A worm (D:2)
  A dart slug (D:1)
  4 leopard geckos
  8 orcs
  2 ball pythons
  6 bats
  5 giant cockroaches
  5 goblins
  3 hobgoblins
  9 jackals
  7 kobolds
  3 quokkas
  5 frilled lizards
  A leopard gecko skeleton (D:4)
  A quokka skeleton (D:4)
  A quokka zombie (D:5)
  6 rats
122 creatures vanquished.

Table legend:
 A = Non-vault XP
 B = Vault XP
 C = Vault XP percentage of total XP
 D = Non-vault monster count
 E = Vault monster count
 F = Vault count percentage of total count
                 A         B        C        D         E       F
            +---------+---------+-------+---------+---------+-------
      Total |    1646 |     914 |  35.7 |     110 |      12 |   9.8
            +---------+---------+-------+---------+---------+-------
        D:1 |      39 |       0 |   0.0 |      18 |       0 |   0.0
        D:2 |      37 |       0 |   0.0 |      13 |       0 |   0.0
        D:3 |      93 |      37 |  28.5 |      30 |       1 |   3.2
        D:4 |     422 |       0 |   0.0 |      23 |       0 |   0.0
        D:5 |     908 |       0 |   0.0 |      21 |       0 |   0.0
        D:6 |     147 |     877 |  85.6 |       5 |      11 |  68.8
            +---------+---------+-------+---------+---------+-------

Illustrated notes

Table legend:
 A = Kills in this place as a percentage of kills in entire the game.
 B = Kills by you in this place as a percentage of kills by you in the entire game.
 C = Kills by friends in this place as a percentage of kills by friends in the entire game.
 D = Other kills in this place as a percentage of other kills in the entire game.
 E = Experience gained in this place as a percentage of experience gained in the entire game.
 F = Experience gained in this place divided by the number of levels of this place that you have seen.
                   A       B       C       D       E      F
               +-------+-------+-------+-------+-------+----------------------
         Total | 100.0 | 100.0 |   N/A |   N/A | 100.0 | 365.7
       Dungeon | 100.0 | 100.0 |   N/A |   N/A | 100.0 | 426.7
               +-------+-------+-------+-------+-------+----------------------

Table legend: (Time is in decaauts)
 A = Elapsed time spent in this place.
 B = Non-inter-level travel time spent in this place.
 C = Inter-level travel time spent in this place.
 D = Time resting spent in this place.
 E = Time spent auto-exploring this place.
 F = Levels seen in this place.
 G = Mean time per level.
                   A        B        C        D        E       F      G
               +--------+--------+--------+--------+--------+-----+--------+
         Total |   7950 |   7629 |    321 |     59 |   6878 |   7 | 1135.7 |
       Dungeon |   7870 |   7570 |    300 |     59 |   6821 |   6 | 1311.7 |
        Temple |     79 |     59 |     20 |      0 |     57 |   1 |   79.0 |
               +--------+--------+--------+--------+--------+-----+--------+

Top non-repeatable levels by time:
     D:4: 1812 daAuts
     D:5: 1590 daAuts
     D:1: 1353 daAuts
     D:6: 1218 daAuts
     D:3: 1130 daAuts
     D:2: 764 daAuts
  Temple: 79 daAuts
